 Dungeon Crawl Stone Soup version 0.30.2 (webtiles) character file.

Game seed: 10657171593075061312

182 porpoise the Shooter (level 5, 0/31 HPs)
             Began as a Deep Elf Hunter on Feb 14, 2024.
             Slain by an orc priest
             ... wielding a +0 short sword
              (3 damage)
             ... on level 3 of the Dungeon.
             The game lasted 00:06:02 (2402 turns).

porpoise the Shooter (Deep Elf Hunter)              Turns: 2402, Time: 00:06:02

Health: 0/31       AC:  3    Str:  8    XL:     5   Next: 34%
Magic:  7/7        EV: 12    Int: 14    God:
Gold:   181        SH:  0    Dex: 20    Spells: 1/4 levels left

rFire   + . .        a - +0 shortbow
rCold   . . .        (shield currently unavailable)
rNeg    . . .        c - +0 leather armour
rPois   .            (no helmet)
rElec   .            (no cloak)
rCorr   .            (no gloves)
SInv    .            (no boots)
Will    +....        (no amulet)
Stlth   +++          p - ring of protection from fire
HPRegen 0.25/turn    q - ring of willpower
MPRegen 0.10/turn

%: no passive effects
@: brilliant, hasted, very quick
A: no striking features
a: no special abilities


You were on level 3 of the Dungeon.
You visited 1 branch of the dungeon, and saw 4 of its levels.

You collected 181 gold pieces.

Inventory:

Hand Weapons
 a - a +0 shortbow (weapon)
 b - a +0 dagger of draining
Missiles
 r - 2 poisoned darts
Armour
 c - a +0 leather armour (worn)
Jewellery
 p - a ring of protection from fire (left hand)
 q - a ring of willpower (right hand)
Scrolls
 d - a scroll of summoning {unknown}
 f - a scroll of teleportation {unknown}
 g - a scroll of vulnerability {unknown}
 k - 4 scrolls of identify {unknown}
 m - a scroll of immolation
 o - a scroll of fog {unknown}
 s - a scroll of enchant weapon {unknown}
 t - a scroll of fear {unknown}
 u - a scroll of torment {unknown}
 v - a scroll of blinking {unknown}
Potions
 e - a potion of lignification {unknown}
 h - 2 potions of brilliance
 i - a potion of curing {unknown}
 j - a potion of haste
 l - a potion of degeneration {unknown}
 n - 2 potions of magic {unknown}


   Skills:
 + Level 2.6 Fighting
 * Level 7.3 Ranged Weapons
 - Level 2.4 Dodging
 + Level 3.5 Stealth


You had one spell level left.
You knew the following spells:

 Your Spells              Type           Power      Damage    Failure   Level
c - Call Canine Familiar  Summ           0%         N/A       77%         3

Your spell library contained the following spells:

 Spells                   Type           Power      Damage    Failure   Level
 Inner Flame              Hex/Fire       0%         N/A       77%         3
 Portal Projectile        Hex/Tloc       0%         N/A       77%         3
 Leda's Liquefaction      Hex/Erth       0%         N/A       99%         4
 Yara's Violent Unravell  Hex/Tmut       0%         3d3       100%        5
 Enfeeble                 Hex            0%         N/A       100%        7


Dungeon Overview and Level Annotations

Branches:
Dungeon (4/15)
 Temple: D:4-7

Altars:
Wu Jian
Zin

Annotations:
D:2 1 runed translucent door, Crazy Yiuf


Message History

No target in view!
You start waiting.
An orc comes into view. It is wielding a +0 short sword.
You shoot an arrow.
The arrow hits the orc but does no damage.
You shoot an arrow. The arrow barely misses the orc.
An orc priest comes into view. It is wielding a +0 short sword.
You shoot an arrow. The arrow barely misses the orc.
The arrow completely misses the orc priest.
The orc priest shouts!
You shoot an arrow. The arrow hits the orc.
The orc is severely wounded.
You shoot an arrow.
The arrow hits the orc but does no damage.
The orc is severely wounded.
The orc priest calls down the wrath of Beogh upon you.
Beogh smites you!
You shoot an arrow. The arrow hits the orc.
You kill the orc!
You shoot an arrow.
The arrow closely misses the orc priest.
You shoot an arrow. The arrow barely misses the orc priest.
The orc priest looks satisfied for a moment.
You shoot an arrow. The arrow hits the orc priest.
The orc priest is lightly wounded.
The orc priest hits you with a +0 short sword.
You shoot an arrow. The arrow barely misses the orc priest.
The orc priest calls down the wrath of Beogh upon you.
Beogh smites you!
* * * LOW HITPOINT WARNING * * *
An orc comes into view. It is wielding a +0 whip.
You are too injured to fight recklessly!
You are too injured to fight recklessly!
You are too injured to fight recklessly!
It was a potion of brilliance.
You feel clever all of a sudden.
The orc priest hits you but does no damage.
It was a potion of haste.
You feel yourself speed up.
The orc priest hits you with a +0 short sword.
You die...

.....#.#
.....#.#
#)#
######.#
#o#
##..#
#.#
#..##
#)# #.##
#.# #.#
#.#
####.#
#o#
#....#
#@#
..####
#.# .##
#.# .#
#.# .#
#.# ##
#.# #
#.# #.#
#.#


You could see an orc priest and an orc (wandering).

Vanquished Creatures
  A scorpion (D:4)
  An orc priest (D:3)
  2 adders
  3 worms (D:2)
  4 dart slugs
  2 orcs (D:3)
  3 endoplasms (D:2)
  2 giant cockroaches (D:1)
  6 goblins
  4 hobgoblins
  A jackal (D:2)
  9 kobolds
  5 quokkas
  5 ball pythons
  5 bats
  2 frilled lizards
  5 rats
60 creatures vanquished.

Notes
Turn   | Place    | Note
-------+----------+-------------------------------------------
     0 | D:1      | porpoise the Deep Elf Hunter began the quest for the Orb.
     0 | D:1      | Reached XP level 1. HP: 12/12 MP: 3/3
    69 | D:1      | Reached XP level 2. HP: 8/17 MP: 4/4
   555 | D:1      | Reached skill level 6 in Ranged Weapons
   601 | D:1      | Reached XP level 3. HP: 21/21 MP: 5/5
  1135 | D:2      | Reached XP level 4. HP: 26/26 MP: 6/6
  1249 | D:2      | Learned a level 3 spell: Call Canine Familiar
  1469 | D:2      | You fall into a shaft and drop 2 floors!
  1547 | D:4      | Found a glowing silver altar of Zin.
  1718 | D:4      | Noticed a scorpion
  1721 | D:4      | Killed a scorpion
  1722 | D:4      | Reached skill level 7 in Ranged Weapons
  1789 | D:2      | Found a runed translucent door.
  1790 | D:2      | Noticed Crazy Yiuf
  1995 | D:3      | Found an ornate altar of the Wu Jian Council.
  2057 | D:3      | Found a faded altar of an unknown god.
  2146 | D:3      | Reached XP level 5. HP: 31/31 MP: 7/7
  2402 | D:3      | Slain by an orc priest

Illustrated notes

Levels and vault maps discovered:
D:1:      scummos_arrival_star, layout_basic, minmay_misc_feat_ornament,
          minivault_11
D:2:      minmay_recursive_quarters, layout_rooms, minivault_25,
          uniq_crazy_yiuf_cottage
D:3:      layout_basic, mainiacjoe_overflow_catwalk,
          shapermc_ecumenical_altar_flowoftime
D:4:      layout_loops_corners, zin_statuary, minmay_temple_entry_purple_smoke,
          uniq_sigmund

Skill      XL: |  1  2  3  4 |
---------------+-------------+-----
Stealth        | 2 3 |  3.5
Ranged Weapons | 6 7 |  7.3
Fighting       | 2 |  2.6
Dodging        | |  2.4

Action                     |  1- 3 |  4- 6 || total
---------------------------+-------+-------++-------
  Melee: Dagger            |     7 |    20 ||    27
   Fire: Shortbow          |   111 |    53 ||   164
    Use: Potion            |       |     2 ||     2
 Armour: Leather armour    |    11 |     6 ||    17
  Dodge: Dodged            |    35 |     9 ||    44
